 Dungeon Crawl Stone Soup version 0.26.0-45-g9c1d065592 (webtiles) character file.

Game seed: 10323547461707893330

84558 growler the Grappler (level 15, 0/129 (135) HPs)
             Began as a Red Draconian Transmuter on Jan 30, 2021.
             Was an Initiate of Gozag.
             Slain by a basilisk (11 damage)
             ... while paralysed by a sphinx
             ... on level 12 of the Dungeon.
             The game lasted 01:39:52 (35879 turns).

growler the Grappler (Red Draconian Transmuter)    Turns: 35879, Time: 01:39:52

HP:   0/129 (135)   AC: 12    Str: 14    XL:     15   Next: 35%
MP:   21/22         EV:  2    Int: 31    God:    Gozag
Gold: 5489          SH:  0    Dex: 11    Spells: 2/24 levels left

rFire    + . .     SeeInvis .     - Unarmed
rCold    . . .     Faith    .   (shield currently unavailable)
rNeg     + . .     Spirit   .   (armour unavailable)
rPois    .         Reflect  .   y - +1 hat
rElec    +         Harm     .   E - +0 cloak
rCorr    +         Rampage  .   (gloves currently unavailable)
Will     +....                  l - +0 pair of boots
Stlth    +.........             b - amulet "Opexoaw" {Acrobat +Inv rN+ Int+3}
HPRegen  0.31/turn              T - +6 ring of intelligence
MPRegen  0.18/turn              W - ring "Dutog" {rElec rCorr Int+3}

@: paralysed, lethally poisoned (0 -> -4), blade hands, lightly drained
A: breathe fire, unfitting armour, fire resistance 1, cold-blooded, AC +9
a: Breathe Fire, End Transformation, Renounce Religion, Evoke Invisibility,
Potion Petition, Call Merchant, Bribe Branch


You were on level 12 of the Dungeon.
You worshipped Gozag.
Gozag was greatly pleased with you.
You had blades for hands.
You visited 4 branches of the dungeon, and saw 21 of its levels.
You also visited: Sewer and Ice Cave.

You collected 8157 gold pieces.
You spent 2096 gold pieces at shops.
You paid 572 gold pieces to Gozag.

Inventory:

Missiles
 m - a throwing net {!f}
Armour
 l - a +0 pair of boots (worn)
   (You found it on level 2 of the Dungeon)
 s - the +1 pair of boots "Miocem" {-Tele rN+ rCorr Str+6}
   (You found it on level 5 of the Dungeon)

   It affects your strength (+6).
   It protects you from negative energy.
   It prevents most forms of teleportation.
   It provides partial protection from all sources of acid and corrosion.
 w - the +0 pair of gloves "Lewkeiwk" (melded) {+Blink Regen+ Str+3}
   (You bought it in a shop on level 2 of the Orcish Mines)

   It affects your strength (+3).
   It lets you blink.
   It increases your rate of regeneration.
 y - a +1 hat (worn)
   (You found it on level 5 of the Dungeon)
 E - a +0 cloak (worn)
   (You took it off Maurice on level 8 of the Dungeon)
Jewellery
 b - the amulet "Opexoaw" (around neck) {Acrobat +Inv rN+ Int+3}
   (You bought it in a shop on level 2 of the Orcish Mines)

   [amulet of the acrobat]

   It helps you evade while moving and waiting.
   It affects your intelligence (+3).
   It protects you from negative energy.
   It lets you turn invisible.
 k - an uncursed ring of magical power
   (You found it on level 2 of the Dungeon)
 z - an uncursed amulet of the acrobat
   (You found it in a sewer)
 C - an uncursed ring of resist corrosion
   (You found it on level 6 of the Dungeon)
 F - an uncursed ring of positive energy
   (You found it in an ice cave)
 J - an uncursed ring of willpower
   (You found it on level 6 of the Dungeon)
 L - a +4 ring of evasion
   (You found it on level 8 of the Dungeon)
 Q - an uncursed ring of poison resistance
   (You took it off a kobold demonologist on level 11 of the Dungeon)
 T - a +6 ring of intelligence (left scythe-like blade)
   (You found it on level 11 of the Dungeon)
 V - a +4 ring of evasion
   (You found it on level 11 of the Dungeon)
 W - the ring "Dutog" (right scythe-like blade) {rElec rCorr Int+3}
   (You took it off a deep elf mage on level 11 of the Dungeon)

   [ring of resist corrosion]

   It affects your intelligence (+3).
   It insulates you from electricity.
   It provides partial protection from all sources of acid and corrosion.
 Y - an uncursed ring of stealth
   (You found it on level 4 of the Lair of Beasts)
Wands
 d - a wand of iceblast (52)
   (You found it in a sewer)
 t - a wand of flame (64)
   (You found it on level 8 of the Dungeon)
 v - a wand of digging (19)
   (You found it on level 10 of the Dungeon)
 x - a wand of acid (9)
   (You found it on level 6 of the Dungeon)
 I - a wand of enslavement (11)
   (You took it off Maurice on level 8 of the Dungeon)
 O - a wand of polymorph (24)
   (You found it on level 10 of the Dungeon)
Scrolls
 f - 4 scrolls of blinking
 g - a scroll of enchant armour
 h - 9 scrolls of identify {@r1}
 i - 6 scrolls of remove curse {@r2}
 j - 3 scrolls of magic mapping
 n - a scroll of fog
 o - 2 scrolls of immolation {!r}
 p - 18 scrolls of teleportation {@r4}
 A - 2 scrolls of holy word
 B - 5 scrolls of fear
 K - 6 scrolls of amnesia
 P - 2 scrolls of enchant weapon {unknown}
 R - 2 scrolls of random uselessness {unknown}
 U - a scroll of torment {unknown}
 X - 2 scrolls of brand weapon {unknown}
Potions
 a - 6 potions of brilliance
 c - 3 potions of haste {@q3}
 e - 10 potions of flight
 q - 10 potions of curing {@q1}
 r - 5 potions of attraction {!q}
 u - 4 potions of might
 D - 3 potions of invisibility
 G - 3 potions of lignification {!q}
 H - 3 potions of berserk rage
 M - 3 potions of mutation {!q}
 N - a potion of ambrosia
 S - 2 potions of resistance {unknown}
 Z - a potion of degeneration {unknown}


   Skills:
 + Level 13.1 Fighting
 + Level 11.4 Dodging
 + Level 14.7 Unarmed Combat
 - Level 5.0 Spellcasting
 + Level 13.3 Transmutations
 - Level 6.0 Ice Magic
 - Level 2.0 Poison Magic
 + Level 0.4 Evocations


You had 2 spell levels left.
You knew the following spells:

 Your Spells              Type           Power        Failure   Level
a - Beastly Appendage     Tmut           100%         4%          1
b - Wereblood             Tmut           74%          5%          2
c - Ice Form              Ice/Tmut       61%          16%         4
d - Blade Hands           Tmut           37%          13%         5
e - Dragon Form           Tmut           37%          63%         7
x - Spider Form           Tmut/Pois      26%          13%         3

Your spell library contained the following spells:

 Spells                   Type           Power        Failure   Level
 Passwall                 Tmut/Erth      40%          12%         2
 Animate Skeleton         Necr           14%          34%         1
 Apportation              Tloc           14%          34%         1
 Corona                   Hex            7%           34%         1
 Sandblast                Erth           14%          34%         1
 Shock                    Conj/Air       28%          34%         1
 Summon Small Mammal      Summ           28%          34%         1
 Swiftness                Air            7%           43%         2
 Petrify                  Tmut/Erth      49%          28%         4
 Hydra Form               Tmut           37%          28%         6
 Irradiate                Conj/Tmut      24%          45%         5
 Static Discharge         Conj/Air       7%           56%         3
 Stone Arrow              Conj/Erth      14%          56%         3
 Airstrike                Air            3%           86%         4
 Statue Form              Tmut/Erth      32%          87%         6
 Lee's Rapid Deconstruct  Erth           3%           98%         5
 Lightning Bolt           Conj/Air       3%           98%         5


Dungeon Overview and Level Annotations

Branches:
Dungeon (12/15)            Temple (1/1) D:5            Lair (6/6) D:10
  Swamp (0/4) Lair:2       Spider (0/4) Lair:3        Slime (0/5) Lair:5
    Orc (2/2) D:12            Elf (0/3) Orc:2         Sewer (visited)
  IceCv (visited)

Altars:
Ashenzari
Dithmenos
Elyvilon
Fedhas
Gozag
Hepliaklqana
Kikubaaqudgha
Makhleb
Nemelex Xobeh
Okawaru
Qazlal
Ru
Sif Muna
Trog
Uskayaw
Vehumet
Wu Jian
Xom
Yredelemnul
Zin
The Shining One

Shops:
D:6 :   D:11 *   D:12 =   Orc:2 [*!*

Annotations:
Lair:2 exclusion: 2 oklob plants


Innate Abilities, Weirdness & Mutations

You can breathe blasts of fire.
Your fiery red scales are hard. (AC +9)
You cannot fit into any form of body armour.
Your flesh is heat resistant. (rF+)
You are cold-blooded and may be slowed by cold attacks.


Message History

You barely miss the sphinx. You slash the sphinx.
Unknown command.
You shred the sphinx!!!
Your tail-slap misses the sphinx.
You hear an angry hiss.
You hear a shout!
The sphinx mumbles some strange words.
The sphinx is healed somewhat.
A basilisk and a worker ant come into view.
Something hits you!
The worker ant moves out of view.
You slice the sphinx!!
The sphinx casts a spell.
The sphinx is healed somewhat.
Something hits you.
You hit the sphinx.
You feel less confused.
The sphinx mumbles some strange words.
You suddenly lose the ability to move!
The basilisk gazes at you.
You easily resist.
You hear some strange, mumbled words.
A bolt of poison appears from out of thin air!
The bolt of poison hits you!!
You are poisoned.
* * * LOW HITPOINT WARNING * * *
The sphinx hits you.
* * * LOW HITPOINT WARNING * * *
The sphinx hits you but does no damage. The sphinx barely misses you.
You feel sick. Something hits you.
* * * LOW HITPOINT WARNING * * *
The sphinx casts a spell.
Something smites you!
* * * LOW HITPOINT WARNING * * *
The basilisk barely misses you.
You feel sick. The sphinx hits you.
* * * LOW HITPOINT WARNING * * *
The sphinx hits you!
* * * LOW HITPOINT WARNING * * *
The sphinx hits you but does no damage. Something hits you but does no damage.
The basilisk bites you but does no damage.
You feel sick. The sphinx hits you!
* * * LOW HITPOINT WARNING * * *
The sphinx hits you.
* * * LOW HITPOINT WARNING * * *
The sphinx hits you but does no damage. Something hits you but does no damage.
The basilisk bites you!
You die...
Your body crumbles into a pile of gold.

.# #.# .# #.# #. # ...
.# # #o##.
############## ..
#..#.##.............
#..#t#$#.#.............
#.o{#H.#.####...####.
#@.$..#....8.(..##
......l...8.#.........#
..###.#.....#.........#
#...#..###....∩...(##
..#.#.#.##...........#
..##..#.###...........#
###
#.##.##..8...>...8.. ..
.##........).....
###...........#


You could see a sphinx, a fire crab, a basilisk and an orc priest.

Vanquished Creatures
  Rupert (Lair:6)
  Snorg (Orc:1)
  Josephine (D:11)
  6 hydras
  A catoblepas (Lair:6)
  Harold (D:10)
  A boulder beetle (D:11)
  4 death yaks
  16 two-headed ogres
  A tengu warrior (D:11)
  4 ogre magi (Orc:2)
  An unseen horror (D:10)
  An orb spider (Lair:3)
  A deep elf mage (D:11)
  A wizard (D:11)
  5 oklob plants
  An orc sorcerer (Orc:2)
  4 cyclopes
  Maurice (D:8)
  5 ugly things
  A salamander (Lair:2)
  15 elephants
  2 manticores (Lair:6)
  A centaur zombie (D:10)
  6 black mambas
  3 ice statues (IceCv)
  Psyche (D:8)
  2 centaur skeletons (D:11)
  A gargoyle (D:11)
  14 cane toads
  4 rime drakes
  3 torpor snails
  2 kobold demonologists (D:11)
  4 komodo dragons
  A tengu conjurer (D:11)
  7 trolls
  Prince Ribbit (D:8)
  4 polar bears
  2 hornets (D:10)
  7 dream sheep
  A slime creature (D:11)
  16 blink frogs
  53 yaks
  A wyvern (shapeshifter) (D:11)
  3 shadows
  A wyvern (Lair:6)
  4 wraiths (D:11)
  3 vampire mosquitoes
  7 swamp worms (Lair:2)
  3 wargs
  2 acid dragons
  Edmund (D:5)
  2 soldier ants
  13 water moccasins
  3 black bears
  13 orc warriors
  32 ogres
  5 phantoms
  24 wolves
  8 ice beasts
  4 sky beasts
  9 centaurs
  3 big kobolds
  Blork the orc (D:5)
  9 bullfrogs
  A wyvern zombie (D:10)
  5 scorpions
  A killer bee (D:11)
  3 troll zombies (D:12)
  4 jellies
  8 wights
  2 electric eels (Lair:2)
  A howler monkey (D:4)
  3 bullfrog zombies
  11 hounds
  21 orc priests
  7 bullfrog skeletons
  29 orc wizards
  3 iguanas
  A merfolk siren (Sewer)
  7 worker ants
  A merfolk avatar (Sewer)
  5 ogre zombies (D:12)
  A hound zombie (D:5)
  2 howler monkey zombies
  2 river rats
  14 adders
  7 gnolls
  3 shadow imps
  4 white imps
  4 ufetubi
  2 oozes
  An adder skeleton (D:6)
  An adder zombie (D:9)
  4 worms
  A dart slug (D:3)
  9 leopard geckos
  65 orcs
  7 bats
  9 giant cockroaches
  9 goblins
  3 hobgoblins
  13 jackals
  20 kobolds
  4 quokkas
  5 ball pythons
  11 frilled lizards
  A goblin skeleton (D:12)
  2 goblin zombies (D:12)
  2 hobgoblin skeletons (D:12)
  5 hobgoblin zombies (D:12)
  3 orc skeletons (D:12)
  12 orc zombies (D:12)
  A quokka skeleton (D:5)
  27 rats
726 creatures vanquished.

Vanquished Creatures (others)
  An adder (D:2)
  2 jackals (D:2)
  2 kobolds (D:2)
  A bush (Lair:6)
  51 fungi
  73 plants
130 creatures vanquished.

Grand Total: 856 creatures vanquished

Notes
Turn   | Place    | Note
-------+----------+-------------------------------------------
     0 | D:1      | growler the Draconian Transmuter began the quest for the
                  | Orb.
     0 | D:1      | Reached XP level 1. HP: 16/16 MP: 3/3
   143 | D:1      | Reached XP level 2. HP: 14/23 MP: 3/5
   298 | D:1      | Learned a level 2 spell: Wereblood
   447 | D:1      | Reached XP level 3. HP: 11/28 MP: 4/6
  1090 | D:1      | Learned a level 3 spell: Spider Form
  1553 | D:2      | Found an ancient bone altar of Kikubaaqudgha.
  1640 | D:2      | Reached XP level 4. HP: 35/35 MP: 8/8
  2465 | D:3      | Reached skill level 1 in Poison Magic
  2721 | D:3      | Reached skill level 4 in Unarmed Combat
  2721 | D:3      | Reached XP level 5. HP: 20/40 MP: 9/9
  4181 | D:4      | Reached XP level 6. HP: 15/47 MP: 11/11
  4467 | D:4      | Learned a level 4 spell: Ice Form
  4638 | D:4      | Found a glowing golden altar of the Shining One.
  4838 | D:4      | Reached skill level 5 in Unarmed Combat
  4838 | D:4      | Your scales start taking on a fiery red colour.
  4838 | D:4      | Reached XP level 7. HP: 37/52 MP: 13/13
  4838 | D:4      | Gained mutation: Your flesh is heat resistant. (rF+) [Red
                  | Draconian growth]
  5203 | D:5      | Entered Level 5 of the Dungeon
  5445 | D:5      | Got a pair of heavily runed boots
  5636 | D:5      | Reached skill level 1 in Ice Magic
  5676 | D:5      | Reached skill level 5 in Transmutations
  6083 | D:5      | Found a shadowy altar of Dithmenos.
  6116 | D:5      | Reached XP level 8. HP: 41/59 MP: 15/15
  6417 | D:5      | Noticed Blork the orc
  6429 | D:5      | Reached skill level 5 in Spellcasting
  6433 | D:5      | Reached skill level 6 in Unarmed Combat
  6440 | D:5      | Killed Blork the orc
  6459 | D:5      | Identified the +1 pair of boots "Miocem" {-Tele rN+ rCorr
                  | Str+6} (You found it on level 5 of the Dungeon)
  6620 | D:5      | Noticed Edmund
  6630 | D:5      | Killed Edmund
  6634 | D:5      | Found a staircase to the Ecumenical Temple.
  6648 | Temple   | Entered the Ecumenical Temple
  6992 | Temple   | Became a worshipper of Gozag Ym Sagoz the Greedy
  7201 | D:6      | Found a glowing drain.
  7267 | D:6      | Found Natiof's Book Shop.
  7306 | Sewer    | Entered a sewer
  8389 | D:6      | Reached skill level 7 in Unarmed Combat
  8433 | D:6      | Learned a level 5 spell: Blade Hands
  8764 | D:6      | Found an opulent altar of Gozag.
  8774 | D:6      | Found an iron altar of Okawaru.
  9342 | D:7      | Reached XP level 9. HP: 37/64 MP: 16/16
 10074 | D:7      | Found a radiant altar of Vehumet.
 10162 | D:7      | Reached skill level 8 in Unarmed Combat
 10234 | D:7      | Found a broken altar of Ashenzari.
 10280 | D:7      | Reached skill level 5 in Ice Magic
 10446 | D:7      | Found a stormy altar of Qazlal.
 10760 | D:8      | Noticed Maurice
 10768 | D:8      | Killed Maurice
 10948 | D:8      | Noticed Psyche
 10963 | D:8      | Killed Psyche
 10964 | D:8      | Reached skill level 9 in Unarmed Combat
 11164 | D:8      | Noticed a two-headed ogre
 11593 | D:8      | Noticed Prince Ribbit
 11600 | D:8      | Killed Prince Ribbit
 11945 | D:9      | Found an ornate altar of the Wu Jian Council.
 11990 | D:9      | Reached XP level 10. HP: 56/73 MP: 13/17
 12253 | D:9      | Found a glowing silver altar of Zin.
 12553 | D:9      | Noticed a two-headed ogre
 12560 | D:9      | Killed a two-headed ogre
 12561 | D:9      | Reached skill level 10 in Unarmed Combat
 12738 | D:9      | Found a hide-covered altar of Uskayaw.
 13021 | D:9      | Found a burning altar of Makhleb.
 13173 | D:10     | Entered Level 10 of the Dungeon
 13387 | D:10     | Reached skill level 5 in Fighting
 13880 | D:10     | Found a staircase to the Lair.
 13934 | D:10     | Killed an unseen horror
 13935 | D:10     | Reached XP level 11. HP: 76/88 MP: 13/18
 14198 | D:10     | Reached skill level 5 in Dodging
 14822 | D:10     | Noticed Harold
 14829 | D:10     | Killed Harold
 15106 | D:11     | Noticed a boulder beetle
 15122 | D:11     | HP: 4/89 [boulder beetle (22)]
 15144 | D:11     | Killed a boulder beetle
 15382 | D:11     | Noticed a tengu warrior
 15390 | D:11     | Killed a tengu warrior
 15903 | D:10     | Reached skill level 11 in Unarmed Combat
 16348 | D:11     | Noticed Josephine
 16457 | D:11     | Killed Josephine
 16955 | D:11     | Found Fhec's Fabulous Fripperies.
 16980 | D:11     | Noticed a white ugly thing
 16994 | D:11     | Killed a white ugly thing
 17326 | D:11     | Reached XP level 12. HP: 76/101 MP: 11/19
 17348 | D:11     | Noticed a two-headed ogre
 17366 | D:11     | Killed a two-headed ogre
 17923 | D:11     | Noticed a six-headed hydra
 17930 | D:11     | Killed a six-headed hydra
 18508 | D:11     | Identified the ring "Dutog" {rElec rCorr Int+3}
 18543 | D:11     | Reached skill level 10 in Transmutations
 18861 | D:11     | Noticed an eight-headed hydra
 18886 | D:11     | Killed an eight-headed hydra
 18887 | D:11     | Reached skill level 12 in Unarmed Combat
 19278 | Lair:1   | Entered Level 1 of the Lair of Beasts
 20576 | Lair:2   | Found a staircase to the Swamp.
 21131 | Lair:2   | Noticed a seven-headed hydra
 21147 | Lair:2   | Killed a seven-headed hydra
 21463 | Lair:2   | Reached XP level 13. HP: 112/112 MP: 14/20
 22336 | Lair:3   | Found a hole to the Spider Nest.
 22381 | Lair:3   | Reached skill level 10 in Fighting
 22593 | Lair:3   | Found a frozen archway.
 22616 | IceCv    | Entered an ice cave
 25268 | Lair:4   | Reached skill level 13 in Unarmed Combat
 27448 | Lair:5   | Found a staircase to the Slime Pits.
 27998 | Lair:5   | Reached XP level 14. HP: 96/124 MP: 21/21
 28742 | Lair:6   | Entered Level 6 of the Lair of Beasts
 29116 | Lair:6   | Reached skill level 10 in Dodging
 30224 | Lair:6   | Noticed Rupert
 30249 | Lair:6   | Killed Rupert
 31379 | Lair:6   | Reached skill level 14 in Unarmed Combat
 32953 | D:12     | Found a staircase to the Orcish Mines.
 33246 | Orc:1    | Entered Level 1 of the Orcish Mines
 33662 | Orc:1    | Noticed Snorg
 33668 | Orc:1    | Killed Snorg
 33913 | Orc:1    | Learned a level 7 spell: Dragon Form
 33918 | Orc:2    | Entered Level 2 of the Orcish Mines
 34020 | Orc:2    | Found Keadaock's General Store.
 34021 | Orc:2    | Found Doeliw's Distillery.
 34021 | Orc:2    | Found Atuhew's Antique Armour Shoppe.
 34021 | Orc:2    | Found Ketioz's Assorted Antiques.
 34045 | Orc:2    | Reached XP level 15. HP: 109/134 MP: 9/22
 34124 | Orc:2    | Found a staircase to the Elven Halls.
 34558 | D:11     | Bought a manual of Fighting for 1656 gold pieces
 34920 | Orc:2    | Bought a pair of brightly glowing gloves for 237 gold
                  | pieces
 34932 | Orc:2    | Identified the +0 pair of gloves "Lewkeiwk" {+Blink Regen+
                  | Str+3} (You bought it in a shop on level 2 of the Orcish
                  | Mines)
 35062 | Orc:2    | Bought a scroll of identify for 58 gold pieces
 35062 | Orc:2    | Bought a crude platinum amulet for 145 gold pieces
 35062 | Orc:2    | Identified the amulet "Opexoaw" {Acrobat +Inv rN+ Int+3}
                  | (You bought it in a shop on level 2 of the Orcish Mines)
 35866 | D:12     | Noticed a sphinx
 35875 | D:12     | Paralysed by a sphinx for 6 turns
 35879 | D:12     | Slain by a basilisk

Illustrated notes

Levels and vault maps discovered:
D:1:      wander_arrival_lonely_grave, layout_loops_ring
D:2:      layout_loops_ring, old_standard_altar, ebering_dispersal_statue_hall,
          grunt_ministairs_9, lemuel_flame_loot_1
D:3:      layout_loops_corners
D:4:      layout_rooms, lemuel_crystal_altar
D:5:      layout_rooms, grunt_dithmenos_smoke, temple_hall, hex_large,
          uniq_blork_the_orc, uniq_edmund
D:6:      black_bear_nest_2, layout_basic, kennysheep_okawaru_gauntlet,
          portal_sewer_entry_c, basic_altar, serial_shops, shop,
          kennysheep_generic_room_15
D:7:      layout_cave_pools, old_standard_altar, marbit_many_paths,
          nicolae_ashenzari_panopticon
D:8:      layout_basic, serial_glass, glass_columns_a, glass_columns_b,
          uniq_psyche, uniq_maurice, uniq_prince_ribbit1
D:9:      layout_roguey, zin_academy, general_overflow_altar,
          nzn_wu_jian_contemplation, eat_drink_and_be_merry_uskayaw
D:10:     layout_loops_ring, erik_lair_orcish_takeover, uniq_harold
D:11:     minmay_the_grid_4x2 [minmay_the_grid_expand, minmay_the_grid_fan,
          minmay_the_grid_odd_star, minmay_the_grid_aliased_spiral,
          minmay_the_grid_outer_diamond, minmay_the_grid_gridbox,
          minmay_the_grid_x, minmay_the_grid_prize_inner_circle],
          layout_stronghold, nicolae_alphabet_shops, minmay_pinched_square,
          uniq_josephine
D:12:     minmay_complete_graph, layout_long_grid, zombieorc2_lemuel,
          minivault_22, serial_bayou_pond_d
Temple:   minmay_temple_curvy_loop
Lair:1:   layout_regular_city, serial_bayou_lagoon_b, lemuel_fruit_tree
Lair:2:   layout_gridlike, nicolae_swamp_entry_splash_gauntlet, worms_lemuel,
          minmay_lair_oklob_chamber, grunt_megastairs_4, serial_bayou_shore_a,
          serial_bayou_shore_b
Lair:3:   layout_regular_city, nicolae_spider_entry_orb_guardian,
          portal_ice_cave_rime, chequers_serial_rivers_room_b
Lair:4:   layout_cave_pods, minivault_26, minivault_26
Lair:5:   layout_cave_pods, minmay_slime_entry_oklob_open
Lair:6:   hangedman_lair_in_review, layout_concentric_octagons, uniq_rupert
Orc:1:    layout_diamond_mine, uniq_snorg
Orc:2:    st_orc_ogre_mass, layout_caves

Skill      XL: |  1  2  3  4  5  6  7  8  9 10 11 12 13 14 15 |
---------------+----------------------------------------------+-----
Transmutations | 3 4 5 6 7 9 10 11 12 13 | 13.3
Poison Magic   | 1 2 |  2.0
Spellcasting   | 3 4 5 |  5.0
Unarmed Combat | 4 5 7 9 10 11 12 13 14 | 14.7
Ice Magic      | 1 4 6 |  6.0
Dodging        | 2 4 6 8 9 11 | 11.4
Fighting       | 2 5 7 9 11 12 13 | 13.1
Evocations     | |  0.4

Action                   |  1- 3 |  4- 6 |  7- 9 | 10-12 | 13-15 || total
-------------------------+-------+-------+-------+-------+-------++-------
Melee: Unarmed           |    97 |   240 |   524 |   688 |   907 ||  2456
       Headbutt          |     6 |    11 |       |       |       ||    17
       Kick              |     4 |     7 |       |       |       ||    11
       Tailslap          |     4 |    19 |    45 |    45 |    72 ||   185
       Punch             |       |     2 |     7 |    26 |    36 ||    71
       Bite              |       |       |       |       |    10 ||    10
 Cast: Beastly Appendage |     8 |    10 |       |     1 |       ||    19
       Spider Form       |     1 |     6 |     8 |     3 |       ||    18
       Ice Form          |       |       |    11 |    23 |    11 ||    45
       Blade Hands       |       |       |       |    13 |    56 ||    69
       Wereblood         |       |       |       |     2 |       ||     2
       Dragon Form       |       |       |       |       |     5 ||     5
Invok: Call Merchant     |       |       |       |       |     1 ||     1
 Abil: Breathe Fire      |       |       |    13 |    18 |    12 ||    43
       End Transformatio |       |       |     1 |     1 |     2 ||     4
Evoke: Wand              |       |       |       |       |     5 ||     5
  Use: Scroll            |       |     5 |    15 |     4 |     2 ||    26
       Potion            |       |     5 |       |     1 |       ||     6
 Stab: Distracted        |       |       |     1 |     1 |     2 ||     4
       Sleeping          |       |       |       |       |     1 ||     1
Armor: Skin              |    31 |    59 |   136 |    95 |   182 ||   503
Dodge: Dodged            |    60 |   139 |   273 |   393 |   635 ||  1500
Block: Other             |       |     3 |   129 |   132 |   172 ||   436
       Reflection        |       |       |     8 |    13 |     2 ||    23
